 Dungeon Crawl Stone Soup version 0.16-a0-4099-g0be755f (console) character file.

193 mauris the Firebug (level 5, -6/38 HPs)
             Began as a Hill Orc Fire Elementalist on Feb 23, 2015.
             Mangled by a gnoll
             ... wielding a +0 halberd
              (10 damage)
             ... on level 4 of the Dungeon on Feb 25, 2015.
             The game lasted 00:13:00 (4290 turns).

mauris the Firebug (Hill Orc Fire Elementalist)     Turns: 4290, Time: 00:13:01

Health: -6/38      AC:  2    Str: 12    XL:     5   Next: 72%
Magic:  7/7        EV:  6    Int: 15    God:
Gold:   226        SH:  0    Dex: 11    Spells: 2 memorised, 2 levels left

rFire  . . .     SeeInvis .     i - +0 dagger
rCold  . . .     Clarity  .     a - +0 robe
rNeg   . . .     SustAb   .     (no shield)
rPois  .         Gourm    .     (no helmet)
rElec  .         Spirit   .     (no cloak)
rCorr  .         Warding  .     (no gloves)
rMut   +         Stasis   .     (no boots)
MR     .....                    f - amulet of resist mutation
Stlth  ++........               (no ring)
                                (no ring)

@: held, not resistant to hostile enchantments, unstealthy
A: no striking features
a: no special abilities


You were on level 4 of the Dungeon.
You were not hungry.

You visited 1 branch of the dungeon, and saw 4 of its levels.

You collected 226 gold pieces.

Inventory:

Hand weapons
 i - a +0 dagger (weapon)
Missiles
 l - 32 stones (quivered)
Armour
 a - a +0 robe (worn)
Jewellery
 f - an amulet of resist mutation (around neck)
 p - an uncursed amulet of guardian spirit
Scrolls
 e - 2 scrolls of identify {@r1}
 g - a scroll of noise {unknown}
 n - a scroll of enchant weapon {unknown}
 r - a scroll of random uselessness {unknown}
 s - a scroll of blinking {unknown}
Potions
 j - a potion of flight {unknown}
 o - a potion of heal wounds {unknown}
 q - a potion of invisibility {unknown}
Books
 b - a book of Flames

   Spells                             Type                      Level
   a - Flame Tongue                   Conjuration/Fire             1
   b - Throw Flame                    Conjuration/Fire             2
   c - Conjure Flame                  Conjuration/Fire             3
   d - Inner Flame                    Hexes/Fire                   3
   e - Sticky Flame                   Conjuration/Fire             4
   f - Fireball                       Conjuration/Fire             5
Comestibles
 c - 2 meat rations
 d - 2 bread rations
 k - a chunk of flesh


   Skills:
 - Level 1.5 Dodging
 - Level 1.5 Stealth
 - Level 1.5 Spellcasting
 + Level 2.9 Conjurations
 - Level 6.0 Fire Magic


You had 2 spell levels left.
You knew the following spells:

 Your Spells              Type           Power        Failure   Level  Hunger
a - Flame Tongue          Conj/Fire      ##...        4%          1    ##.....
b - Sticky Flame          Conj/Fire      ##......     41%         4    #####..


Dungeon Overview and Level Annotations

Branches:
Dungeon (4/15)
 Temple: D:4-7

Altars:
Ru
Trog
Xom

Annotations:
D:3 theres like a ghost!, hhkb's ghost, average OpTm


Message History

You hear the brisk hiss of a very distant avalanche of sand.
A gnoll comes into view. It is wielding a halberd.
The gnoll shouts!
The gnoll shouts!
The gnoll throws a throwing net.
The throwing net hits you.
You become entangled in the net!
Things that are here:
a throwing net; a tomahawk You try to slip out of the net.
The gnoll shouts!
You try to slip out of the net.
The gnoll hits you from afar with a halberd!
* * * LOW HITPOINT WARNING * * *
Huge Dmg: -45%(-17hp) hp: 24%(9hp) Drink which item? (? for menu, Esc to quit)
Okay, then.
You struggle against the net.
The gnoll hits you with a club.
* * * LOW HITPOINT WARNING * * *
The gnoll hits you from afar with a halberd!
You die...

##.....##.# .........
##.....##.# %.........
##.....##.# # #......[...
##.....##.# #.#...........
###..####.###.#.g.........
................>.........
###..####.#...#...........# #
#...###.#.###.g.<..#
###.......#.###.g((#.......
....<........##.@#############
.........<...##..............#
.............##...##########.#
.............##....# #.#
............##$...# #.#
...........##....##### #.#
..........##........#####.#
.........##...#.##.##.)..#
.....#####...#.......#).# #..
#...#.......##(#


You could see 3 gnolls.

Vanquished Creatures
  2 orc wizards (D:4)
  4 gnolls
  5 adders
  A giant gecko (D:1)
  5 orcs
  4 giant cockroaches
  6 hobgoblins
  2 kobolds
  A quokka (D:3)
  A ball python (D:1)
  5 bats
  3 giant newts
  5 goblins
  9 jackals
  A quokka skeleton (D:4)
  7 rats
61 creatures vanquished.

Notes
Turn   | Place    | Note
--------------------------------------------------------------
     0 | D:1      | mauris, the Hill Orc Fire Elementalist, began the quest for the Orb.
     0 | D:1      | Reached XP level 1. HP: 14/14 MP: 2/2
   184 | D:1      | Huge Dmg: 5 Dmg
   491 | D:1      | Reached XP level 2. HP: 18/20 MP: 1/3
   499 | D:1      | Reached skill level 4 in Fire Magic
  1221 | D:2      | Reached XP level 3. HP: 16/26 MP: 1/5
  1644 | D:2      | Found a sacrificial altar of Ru.
  1809 | D:2      | Reached skill level 5 in Fire Magic
  2212 | D:3      | Huge Dmg: 7 Dmg
  2214 | D:3      | Huge Dmg: 4 Dmg
  2364 | D:3      | Huge Dmg: 5 Dmg
  2370 | D:3      | Reached XP level 4. HP: 17/33 MP: 0/6
  2783 | D:2      | Huge Dmg: 5 Dmg
  3081 | D:3      | Huge Dmg: 9 Dmg
  3224 | D:3      | Learned a level 4 spell: Sticky Flame
  3244 | D:3      | Noticed hhkb's ghost (average OpTm)
  3245 | D:3      | oh no
  3274 | D:2      | Upgraded the game from 0.16-a0-4088-g7c8221e to 0.16-a0-4099-g0be755f
  3403 | D:3      | Found a bloodstained altar of Trog.
  3404 | D:3      | Found a shimmering altar of Xom.
  3547 | D:3      | Reached skill level 6 in Fire Magic
  3815 | D:3      | Reached XP level 5. HP: 32/38 MP: 0/7
  3939 | D:4      | Huge Dmg: 12 Dmg
  4076 | D:4      | Huge Dmg: 8 Dmg
  4080 | D:4      | Huge Dmg: 8 Dmg
  4084 | D:4      | Huge Dmg: 7 Dmg
  4086 | D:4      | Huge Dmg: 4 Dmg
  4093 | D:4      | Huge Dmg: 12 Dmg
  4096 | D:4      | Huge Dmg: 4 Dmg
  4121 | D:4      | Huge Dmg: 4 Dmg
  4126 | D:4      | Huge Dmg: 6 Dmg
  4128 | D:4      | Huge Dmg: 4 Dmg
  4128 | D:4      | come on
  4129 | D:4      | whew
  4290 | D:4      | Huge Dmg: 17 Dmg
  4290 | D:4      | Mangled by a gnoll

Action                   |  1- 3 |  4- 6 || total
-------------------------+-------+-------++-------
Melee: Unarmed           |    18 |       ||    18
       Dagger            |    61 |    59 ||   120
Throw: Stone             |     3 |       ||     3
 Cast: Flame Tongue      |    52 |    67 ||   119
  Use: Scroll            |     4 |       ||     4
       Potion            |       |     4 ||     4
 Stab: Sleeping          |       |     1 ||     1
  Eat: Chunk             |     6 |     6 ||    12
       Pizza             |       |     1 ||     1

Vault maps used:
D:1:      dpeg_arrival_yet_another_circle
D:2:      nicolae_ru_sacrificial_ziggurat
D:3:      gammafunk_temple_overflow_pools, minmay_misc_feat_cross
D:4:      temple_hall, nicolae_ossuary_entry_catacombs, first_bread,
          minmay_misc_feat_columns
